 Dungeon Crawl Stone Soup version 0.17.0-28-g6e173f8 (webtiles) character file.

74 plasmid the Skirmisher (level 4, -13/37 HPs)
             Began as a Demonspawn Chaos Knight on Dec 2, 2015.
             Killed from afar by a bat (14 damage)
             ... with an exploding inner flame
             ... hexed by the player character
             ... on level 3 of the Dungeon.
             The game lasted 00:14:19 (1599 turns).

plasmid the Skirmisher (Demonspawn Chaos Knight)    Turns: 1599, Time: 00:14:19

Health: -13/37     AC: 10    Str: 13    XL:     4   Next: 10%
Magic:  4/4        EV: 10    Int: 13    God:    Xom [.....*]
Gold:   199        SH:  3    Dex: 13    Spells: 0 memorised, 3 levels left

rFire  . . .     SeeInvis .     a - +0 mace (chaos)
rCold  + . .     Clarity  .     b - +2 leather armour
rNeg   . . .     SustAt   .     m - +0 buckler
rPois  .         Gourm    .     n - +1 hat
rElec  .         Spirit   .     (no cloak)
rCorr  .         Warding  .     i - +0 pair of gloves
rMut   .         Stasis   .     (no boots)
MR     .....                    (no amulet)
Stlth  ++........               (no ring)
                                (no ring)

@: not resistant to hostile enchantments, unstealthy
A: talons 1, slimy green scales 2, camouflage 1, cold resistance 1, wild magic 1
a: Renounce Religion


You were on level 3 of the Dungeon.
You worshipped Xom.
You were Xom's teddy bear.
You were not hungry.

You visited 1 branch of the dungeon, and saw 3 of its levels.

You collected 199 gold pieces.

Inventory:

Hand Weapons
 a - a +0 mace of chaos (weapon)
 h - a +0 dagger
 j - a +0 hand axe
Missiles
 d - 2 javelins (quivered)
 g - 57 stones
 k - 16 poisoned needles
Armour
 b - a +2 leather armour (worn)
 f - a +0 leather armour
 i - a +0 pair of gloves (worn)
 m - a +0 buckler (worn)
 n - a +1 hat (worn)
Scrolls
 e - a scroll of identify
 l - a scroll of recharging
Potions
 c - a potion of curing
Comestibles
 o - a chunk of flesh
 p - a meat ration
 q - a bread ration


   Skills:
 * Level 4.1 Fighting
 + Level 3.4 Maces & Flails
 + Level 2.0 Armour
 - Level 1.0 Dodging
 + Level 0.1 Shields


You had 3 spell levels left.
You didn't know any spells.

Dungeon Overview and Level Annotations

Branches:
Dungeon (3/15)

Altars:
Fedhas
Makhleb
Qazlal
Sif Muna

Annotations:
D:3 bollicks1999's ghost, amateur MiFi


Innate Abilities, Weirdness & Mutations

You are mostly covered in slimy green scales (AC +3).
You have sharp toenails.
Your skin changes colour to match your surroundings (Stealth).
Your flesh is cold resistant.
Your spells are a little harder to cast, but a little more powerful.


Message History

Read which item? (? for menu, Esc to quit)
As you read the scroll labeled PUONOJI ZIKIZU, it crumbles to dust.
The creatures around you are filled with an inner flame!
It was a scroll of immolation.
The bat hits you.
Throwing (i - inventory. (,) - cycle):
d - 3 javelins (quivered)
Press: ? - help, Shift-Dir - straight line, f - rat
Aim: a rat (resting, inner flame)
You throw a javelin. The javelin hits the rat.
The rat explodes!
The bat barely misses you. The bat barely misses you.
The bat hits your hobgoblin zombie.
Your hobgoblin zombie hits the bat with a club.
The bat explodes!
The fiery explosion engulfs your hobgoblin zombie.
Your hobgoblin zombie explodes!
The fiery explosion engulfs you!
* * * LOW HITPOINT WARNING * * *
The fiery explosion engulfs you!
You die...
Xom cackles wildly!

.#.......#......#.#.#...
.........######.#.....#.
.........# #.#.#.).#
#........# #.#.#...#
#........# #.#.#...# .#
#........# #.#.#...#. .#
#........######.#.....#.
.#
#....§§..........[..#.#.
.#
#.####§@#######.##..#.#.
.# #§.# #.##..#.#. .#
#§.# #.##..#.#. ####.#
#..# #.##(.#.#. #....#
§§§# #.##...... #....#
##§## #.###.#.## ##....#
.##. #.# #.#.# #.#..#
..##. #.# ....#
#.#..####...##. .#.###


There were no monsters in sight!

Vanquished Creatures
  3 adders (D:2)
  10 bats
  3 giant cockroaches
  5 goblins
  5 hobgoblins
  A giant newt (D:2)
  3 jackals (D:2)
  5 kobolds
  6 rats
41 creatures vanquished.

Vanquished Creatures (others)
  An adder (D:2)
1 creature vanquished.

Grand Total: 42 creatures vanquished

Notes
Turn   | Place    | Note
--------------------------------------------------------------
     0 | D:1      | plasmid the Demonspawn Chaos Knight began the quest for the Orb.
     0 | D:1      | Reached XP level 1. HP: 18/18 MP: 1/1
   117 | D:1      | XOM: potion effect (haste)
   153 | D:1      | Reached skill level 1 in Dodging
   239 | D:1      | XOM: divination: detect creatures
   318 | D:1      | Gained mutation: You are partially covered in slimy green scales (AC +2). [demonic ancestry]
   318 | D:1      | Reached XP level 2. HP: 13/24 MP: 2/2
   758 | D:2      | Found a stormy altar of Qazlal.
   772 | D:2      | Reached XP level 3. HP: 26/30 MP: 3/3
   779 | D:2      | Found a blossoming altar of Fedhas.
  1009 | D:2      | Reached skill level 4 in Fighting
  1240 | D:2      | XOM: blink monster(s)
  1249 | D:2      | Reached XP level 4. HP: 27/37 MP: 4/4
  1251 | D:2      | Found a deep blue altar of Sif Muna.
  1329 | D:2      | XOM: mild Summ miscast
  1478 | D:3      | Noticed bollicks1999's ghost (amateur MiFi)
  1494 | D:3      | XOM: 6-stop teleportation journey
  1498 | D:3      | Found a burning altar of Makhleb.
  1501 | D:3      | Noticed a cacodemon
  1505 | D:3      | Noticed a neqoxec
  1505 | D:3      | Noticed a hellwing
  1514 | D:3      | XOM: give mutations
  1514 | D:3      | Gained mutation: You are mostly covered in slimy green scales (AC +3). [Xom's grace]
  1514 | D:3      | Gained mutation: Your flesh is cold resistant. [Xom's grace]
  1514 | D:3      | Gained mutation: Your skin changes colour to match your surroundings (Stealth). [Xom's grace]
  1536 | D:3      | XOM: 3-stop teleportation journey
  1550 | D:3      | XOM: god gift: 58 gold pieces
  1584 | D:3      | XOM: give mutations
  1584 | D:3      | Gained mutation: You have sharp toenails. [Xom's grace]
  1584 | D:3      | Gained mutation: Your spells are a little harder to cast, but a little more powerful. [Xom's grace]
  1599 | D:3      | HP: 1/37 [hobgoblin zombie/exploding inner flame[the player character] (18)]
  1599 | D:3      | Killed from afar by a bat

Action                   |  1- 3 |  4- 6 || total
-------------------------+-------+-------++-------
Melee: Mace              |   141 |    34 ||   175
Throw: Javelin           |       |     4 ||     4
  Use: Scroll            |     3 |     1 ||     4
       Potion            |     2 |     1 ||     3
  Eat: Bread ration      |     1 |       ||     1
